[Event "SS Manhem Chess Week GM and IM tournaments 2018"]
[Site "Molnlycke kulturhus, Biblioteksgatan 2, Molnlycke, Sweden"]
[Date "2018.08.17"]
[Round "9.2"]
[White "Rozentalis, Eduardas"]
[Black "Schneider, Stefan"]
[Result "1-0"]
[TimeControl "90 minutes for 40 moves + 30 minutes for the rest of the game + 30 seconds per move from move one."]
[WhiteTitle "GM"]
[BlackTitle "IM"]
[WhiteFideId "12800023"]
[BlackFideId "1703013"]
[WhiteElo "2503"]
[BlackElo "2399"]

1. e4 c6 2. Nc3 d5 3. Nf3 Bg4 4. h3 Bxf3 5. Qxf3 e6 6. a3 Nd7 7. d3 Ngf6 8. g3 g6 9. Bg2 Bg7 10.
O-O O-O 11. Qe2 Qb6 12. Kh2 Ne8 13. f4 Nc7 14. Nd1 Rae8 15. Be3 c5 16. Rb1 Nb5 17. Nf2 Nd4 18. Qd1 Qc7 19. c3 Nc6 20.
e5 h5 21. d4 Na5 22. b3 cxd4 23. cxd4 Rc8 24. Qd3 Qc3 25. Qxc3 Rxc3 26. Bd2 Rfc8 27. Bxc3 Rxc3 28. Rfc1 Re3 29.
Bf1 Nb6 30. Kg2 Nc6 31. Rd1 Rc3 32. Bb5 Na5 33. Rdc1 Rxc1 34. Rxc1 Nxb3 35. Rc7 Nxd4 36. Be8 f5 37. Bxg6 1-0

[Event "SS Manhem Chess Week GM and IM tournaments 2018"]
[Site "Molnlycke kulturhus, Biblioteksgatan 2, Molnlycke, Sweden"]
[Date "2018.08.17"]
[Round "9.5"]
[White "Lindberg, Bengt"]
[Black "Johansson, Linus"]
[Result "1/2-1/2"]
[TimeControl "90 minutes for 40 moves + 30 minutes for the rest of the game + 30 seconds per move from move one."]
[WhiteTitle "IM"]
[BlackTitle "IM"]
[WhiteFideId "1700359"]
[BlackFideId "1711113"]
[WhiteElo "2416"]
[BlackElo "2457"]

1. e4 Nc6 2. Nf3 d6 3. d4 Nf6 4. Nc3 g6 5. h3 Bg7 6. Be3 O-O 7. d5 Nb8 8. Bc4 e5 9. dxe6 Bxe6 10.
Bxe6 fxe6 11. O-O 1/2-1/2

[Event "SS Manhem Chess Week GM and IM tournaments 2018"]
[Site "Molnlycke kulturhus, Biblioteksgatan 2, Molnlycke, Sweden"]
[Date "2018.08.17"]
[Round "9.6"]
[White "Antonsen, Mikkel"]
[Black "Vypkhaniuk, Ihor"]
[Result "1-0"]
[TimeControl "90 minutes for 40 moves + 30 minutes for the rest of the game + 30 seconds per move from move one."]
[WhiteTitle "IM"]
[BlackTitle "FM"]
[WhiteFideId "1401378"]
[BlackFideId "14112256"]
[WhiteElo "2444"]
[BlackElo "2357"]

1. d4 d6 2. e4 Nf6 3. f3 e5 4. d5 Be7 5. Be3 c6 6. c4 O-O 7. Nc3 a6 8. Bd3 cxd5 9. cxd5 b5 10.
Nge2 Nbd7 11. b4 Nb6 12. a4 Nc4 13. Bxc4 bxc4 14. O-O Rb8 15. b5 Nd7 16. f4 exf4 17. Bxf4 axb5 18. axb5 Nc5 19.
Nd4 Bf6 20. Be3 Bd7 21. Ra3 Re8 22. Nc6 Bxc6 23. dxc6 Nxe4 24. Nxe4 Rxe4 25. Qd5 Rxe3 26. Rxe3 Qb6 27. Rff3 c3 28.
Kh1 c2 29. Re1 Qa5 30. Rff1 h6 31. h3 Rxb5 32. Re8+ Kh7 33. Qd3+ g6 34. Qxc2 Rc5 35. Qb3 Kg7 36. Qb8 Qa6 37. Rd1 Qxc6 38. Rh8 Be7 39. Qg8+ Kf6 40. Rh7 Kg5 41. Qxf7 Re5 42. Rf1 Re2 43. Qf4+ 1-0

[Event "SS Manhem Chess Week GM and IM tournaments 2018"]
[Site "Molnlycke kulturhus, Biblioteksgatan 2, Molnlycke, Sweden"]
[Date "2018.08.17"]
[Round "9.7"]
[White "Mikalsen, Erlend"]
[Black "Nedilko, Vasily"]
[Result "1/2-1/2"]
[TimeControl "90 minutes for 40 moves + 30 minutes for the rest of the game + 30 seconds per move from move one."]
[WhiteTitle "FM"]
[BlackTitle "IM"]
[WhiteFideId "1507338"]
[BlackFideId "14101459"]
[WhiteElo "2289"]
[BlackElo "2369"]

1. e4 c5 2. Nf3 d6 3. d4 cxd4 4. Nxd4 Nf6 5. Nc3 a6 6. Bc4 e6 7. Bb3 Nbd7 8. f4 Nc5 9. f5 b5 10.
Qf3 e5 11. Nc6 Qd7 12. Nb4 Bb7 13. Nbd5 Ncxe4 14. Nxe4 Nxd5 15. Bg5 Nb6 16. O-O-O Nc4 17. Rhe1 Qc7 18. f6 g6 19. Qd3 O-O-O 20. a4 d5 21. axb5 axb5 22. Nc3 Bb4 23. Nxb5 Qa5 24. c3 Qxb5 25. cxb4 Qxb4 26. Bxc4 Qxc4+ 27. Qxc4+ dxc4 28. Rxe5 Rxd1+ 29. Kxd1 Rd8+ 30. Kc2 Bxg2 31. Rc5+ Kd7 32. Rxc4 1/2-1/2

[Event "SS Manhem Chess Week GM and IM tournaments 2018"]
[Site "Molnlycke kulturhus, Biblioteksgatan 2, Molnlycke, Sweden"]
[Date "2018.08.17"]
[Round "9.9"]
[White "Pantzar, Milton"]
[Black "Rydstrom, Tom"]
[Result "1-0"]
[TimeControl "90 minutes for 40 moves + 30 minutes for the rest of the game + 30 seconds per move from move one."]
[WhiteTitle "FM"]
[BlackTitle "FM"]
[WhiteFideId "1721003"]
[BlackFideId "1714830"]
[WhiteElo "2306"]
[BlackElo "2316"]

1. c4 e5 2. Nc3 Bb4 3. Nd5 a5 4. a3 Bc5 5. e3 Nf6 6. d4 Nxd5 7. cxd5 exd4 8. exd4 Be7 9. Bd3 d6 10.
Ne2 Nd7 11. O-O Nf6 12. Nc3 O-O 13. Bd2 Bg4 14. Qb3 Qd7 15. Rac1 Rab8 16. Qc2 Bh5 17. Bf5 Qd8 18. Rfe1 c6 19.
dxc6 bxc6 20. Na4 c5 21. dxc5 dxc5 22. Bf4 Rb7 23. Nxc5 Bxc5 24. Qxc5 Rxb2 25. Bd6 Re8 26. Rxe8+ Qxe8 27.
Qxa5 Rb5 28. Qa6 Be2 29. Rc8 Rb1+ 30. Bxb1 Bxa6 31. Rxe8+ Nxe8 32. Bc5 Nc7 33. a4 g6 34. f4 Kg7 35.
Bd4+ Kf8 36. Kf2 Ke7 37. Ba2 Ne6 38. Be3 Kd6 39. g4 f6 40. h4 Nc5 41. Bxc5+ Kxc5 42. g5 fxg5 43. fxg5 Kd4 44.
Bg8 Ke4 45. Kg3 Kf5 46. Bxh7 Bc4 47. a5 Ba6 48. Bg8 Bb5 49. Bb3 Bd3 50. Bd1 Ke5 51. Kf3 Kf5 52. Be2 Be4+ 53. Kg3 Ke5 54.
a6 1-0

[Event "SS Manhem Chess Week GM and IM tournaments 2018"]
[Site "Molnlycke kulturhus, Biblioteksgatan 2, Molnlycke, Sweden"]
[Date "2018.08.17"]
[Round "9.10"]
[White "Ernst, Thomas"]
[Black "Kucuksari, Kaan"]
[Result "1/2-1/2"]
[TimeControl "90 minutes for 40 moves + 30 minutes for the rest of the game + 30 seconds per move from move one."]
[WhiteTitle "GM"]
[BlackTitle "FM"]
[WhiteFideId "1700065"]
[BlackFideId "6380166"]
[WhiteElo "2346"]
[BlackElo "2329"]

1. d4 Nf6 2. c4 e6 3. Nc3 Bb4 4. e3 d5 5. Nf3 O-O 6. Bd3 b6 7. a3 Bd6 8. e4 dxe4 9. Nxe4 Bb7 10.
Nxf6+ gxf6 11. Qc2 f5 12. Bh6 Re8 13. O-O-O Nd7 14. Rhg1 Qf6 15. Be3 c5 16. d5 Ne5 17. Nxe5 Bxe5 18.
dxe6 fxe6 19. g4 f4 20. Bxh7+ Kh8 21. Bd2 Rad8 22. Bc3 Bxc3 23. bxc3 Rxd1+ 24. Rxd1 Bf3 25. Rd7 Rd8 26. Rxd8+ Qxd8 27. Be4 Bxg4 28. f3 Bh3 29.
Qa4 Bf5 30. Bxf5 exf5 31. Qxa7 Qd3 32. Qb8+ Kg7 33. Qxf4 Qxc3+ 34. Kd1 Qxa3 35. h4 Qd3+ 36. Ke1 Kg6 37. Kf2 Qd4+ 38. Qxd4 cxd4 39.
Ke2 Kh5 40. Kd3 Kxh4 41. Kxd4 Kg3 42. Ke3 Kg2 1/2-1/2